 Dungeon Crawl Stone Soup version 0.28-a0-1236-gb25a51b929 (webtiles) character file.

Game seed: 17875788521837719287

67 porpoise the Conjurer (level 3, -2/19 HPs)
             Began as a Deep Elf Conjurer on Dec 26, 2021.
             Slain by a phantom (9 damage)
             ... on level 3 of the Dungeon.
             The game lasted 00:05:54 (2164 turns).

porpoise the Conjurer (Deep Elf Conjurer)           Turns: 2164, Time: 00:05:55

Health: -2/19      AC:  2    Str:  4    XL:     3   Next: 98%
Magic:  2/10       EV: 12    Int: 24    God:
Gold:   976        SH:  0    Dex: 13    Spells: 7/10 levels left

rFire   . . .      SeeInvis .   a - +0 short sword
rCold   . . .      Faith    .   (no shield)
rNeg    . . .      Spirit   .   g - +0 robe
rPois   .          Reflect  .   (no helmet)
rElec   .          Harm     .   (no cloak)
rCorr   .          Rampage  .   (no gloves)
Will    .....                   (no boots)
Stlth   ++........              (no amulet)
HPRegen 0.06/turn               (no ring)
MPRegen 0.12/turn               (no ring)

@: no status effects
A: no striking features
a: no special abilities


You were on level 3 of the Dungeon.
You visited 1 branch of the dungeon, and saw 3 of its levels.

You collected 976 gold pieces.

Inventory:

Hand Weapons
 a - a +0 short sword (weapon)
Missiles
 b - 9 stones
 c - 23 poisoned darts
Armour
 g - a +0 robe (worn)
Jewellery
 d - a ring of see invisible
Scrolls
 e - a scroll of identify
Potions
 h - a potion of curing
 j - a potion of heal wounds


   Skills:
 - Level 2.4 Dodging
 + Level 3.3 Stealth
 * Level 4.3 Spellcasting
 * Level 5.1 Conjurations


You had 7 spell levels left.
You knew the following spells:

 Your Spells              Type           Power      Damage    Failure   Level
a - Magic Dart            Conj           100%       1d8       1%          1
b - Searing Ray           Conj           58%        2d6       1%          2

Your spell library contained the following spells:

 Spells                   Type           Power      Damage    Failure   Level
 Static Discharge         Conj/Air       17%        N/A       4%          2
 Dazzling Flash           Conj/Hex       34%        N/A       10%         3
 Fulminant Prism          Conj/Hex       8%         3d7       32%         4
 Iskenderun's Mystic Bla  Conj/Tloc      17%        2d5       32%         4
 Sticky Flame             Conj/Fire      17%        2d4       32%         4
 Dispel Undead            Necr           5%         3d7       67%         4


Dungeon Overview and Level Annotations

Branches:
Dungeon (3/15)

Altars:


Message History

Okay, then.
This is a scroll of acquirement!
Something appears at your feet!
You now have 967 gold pieces (gained 942).
Search for what [? for help]? shop Can't find anything matching that.
Unknown command.
You now have 976 gold pieces (gained 9).
A phantom comes into view.
Casting: Magic Dart (safe; 1% risk of failure)
Confirm with . or Enter, or press ? or * to list all spells.
Aiming: Searing Ray (safe; 1% risk of failure)
Press: ? - help, Shift-Dir - straight line, f - phantom
Aim: a phantom (71% to hit)
The searing ray misses the phantom. (Press . to maintain the ray.) Unknown command.
The searing ray hits the phantom.
The phantom is lightly damaged.
The searing ray misses the phantom.
The phantom hits you.
The phantom blinks!
You blink.
Casting: Searing Ray (safe; 1% risk of failure)
Confirm with . or Enter, or press ? or * to list all spells.
Aiming: Searing Ray (safe; 1% risk of failure)
Press: ? - help, Shift-Dir - straight line, f/p - phantom
Aim: a phantom (lightly damaged, 71% to hit)
The searing ray misses the phantom. (Press . to maintain the ray.)
The phantom hits you!
The phantom blinks!
You blink.
A kobold comes into view. It is wielding a +0 club.
Casting: Searing Ray (safe; 1% risk of failure)
Confirm with . or Enter, or press ? or * to list all spells.
Aiming: Searing Ray (safe; 1% risk of failure)
Press: ? - help, Shift-Dir - straight line, f/p - phantom
Aim: a phantom (lightly damaged, 71% to hit)
The searing ray hits the phantom.
The phantom is lightly damaged. (Press . to maintain the ray.)
The phantom hits you!
You die...

### #.. ... #.#
...####### #.#
.#...^.... +..
..........
#.##.#........
#.#..#....###.
#.#§##@.......
+.§..W........
#.#.........K.
#.#####!#..###
#######.#####.#....
#...................
#.######.####.# ###
#.....<.....#
#.###########


You could see a phantom and a kobold (asleep).

Vanquished Creatures
  An adder (D:2)
  A dart slug (D:1)
  7 ball pythons
  4 bats
  6 endoplasms
  3 giant cockroaches
  3 goblins
  7 hobgoblins
  3 jackals (D:1)
  3 kobolds
  4 quokkas (D:2)
  A ball python skeleton (D:2)
  2 frilled lizards
  2 rats
47 creatures vanquished.

Notes
Turn   | Place    | Note
-------+----------+-------------------------------------------
     0 | D:1      | porpoise the Deep Elf Conjurer began the quest for the Orb.
     0 | D:1      | Reached XP level 1. HP: 10/10 MP: 6/6
   145 | D:1      | Reached XP level 2. HP: 15/15 MP: 0/8
   219 | D:1      | Learned a level 2 spell: Searing Ray
   888 | D:1      | Found a faded altar of an unknown god.
   900 | D:1      | Reached XP level 3. HP: 19/19 MP: 6/10
  1687 | D:2      | Reached skill level 5 in Conjurations
  2148 | D:3      | Identified a scroll of acquirement
  2148 | D:3      | Acquired 942 gold pieces
  2158 | D:3      | Noticed a phantom
  2164 | D:3      | Slain by a phantom

Illustrated notes

Levels and vault maps discovered:
D:1:      dpeg_arrival_stone_temple_mockup, layout_basic,
          hellmonk_ecumenical_altar_dog_temple
D:2:      layout_rooms, st_stairs_2
D:3:      layout_basic, guppyfry_early_lair_pool

Skill      XL: |  1  2  3 |
---------------+----------+-----
Stealth        | 3 |  3.3
Spellcasting   | 4 |  4.3
Conjurations   | 5 |  5.1
Dodging        | |  2.4

Action                   || total
-------------------------++-------
 Cast: Magic Dart        ||    76
       Searing Ray       ||     7
  Use: Scroll            ||     4
Dodge: Dodged            ||     1

Table legend: (Time is in decaauts)
 A = Elapsed time spent in this place.
 B = Non-inter-level travel time spent in this place.
 C = Inter-level travel time spent in this place.
 D = Time resting spent in this place.
 E = Time spent auto-exploring this place.
 F = Levels seen in this place.
 G = Mean time per level.
                   A        B        C        D        E       F      G
               +--------+--------+--------+--------+--------+-----+--------+
         Total |   2162 |   2130 |     32 |    661 |   1264 |   3 |  720.7 |
       Dungeon |   2162 |   2130 |     32 |    661 |   1264 |   3 |  720.7 |
               +--------+--------+--------+--------+--------+-----+--------+

Top non-repeatable levels by time:
     D:1: 1447 daAuts
     D:2: 695 daAuts
     D:3: 19 daAuts
